[ AOE2 MATCH · #470006371 ]
UnrankedGeorgians vs Lithuanians
[ REPLAY ANALYSIS · EXTRACTED FROM THE RECORDED GAME ]
Feudal
10:57
Castle
14:29
Imperial
29:35
| APM avg | 51.3 |
| APM peak | 126 |
| eAPM avg | 30.8 |
| Villagers / military | 192 / 118 |
Focus
⚔️ 45.9% · 🌾 54.1%
Monaspa ×114 · Monk ×4
Feudal
10:32
Castle
15:11
Imperial
35:10
| APM avg | 47.6 |
| APM peak | 86 |
| eAPM avg | 19.4 |
| Villagers / military | 124 / 78 |
Focus
⚔️ 25.3% · 🌾 74.7%
Knight ×73 · Monk ×5
Feudal
9:54
Castle
14:34
Imperial
37:01
| APM avg | 42.6 |
| APM peak | 96 |
| eAPM avg | 29.1 |
| Villagers / military | 248 / 85 |
Focus
⚔️ 21.8% · 🌾 78.2%
Camel Scout ×63 · Shrivamsha Rider ×22
Feudal
9:41
Castle
17:21
Imperial
31:23
| APM avg | 43.4 |
| APM peak | 109 |
| eAPM avg | 26.0 |
| Villagers / military | 126 / 51 |
Focus
⚔️ 14.7% · 🌾 85.3%
Scout Cavalry ×49 · Unknown (1908) ×38 · Monk ×1 · Trebuchet (Packed) ×1
Feudal
11:25
Castle
15:03
Imperial
37:48
| APM avg | 34.0 |
| APM peak | 57 |
| eAPM avg | 19.6 |
| Villagers / military | 163 / 104 |
Focus
⚔️ 33.2% · 🌾 66.8%
Cavalry Archer ×103 · Spearman ×1
Feudal
10:18
Castle
13:57
Imperial
31:35
| APM avg | 41.8 |
| APM peak | 79 |
| eAPM avg | 21.1 |
| Villagers / military | 121 / 81 |
Focus
⚔️ 31.0% · 🌾 69.0%
Spearman ×79 · Unknown (2550) ×62 · Monk ×2
Feudal
10:54
Castle
22:52
Imperial
28:57
| APM avg | 30.4 |
| APM peak | 64 |
| eAPM avg | 17.1 |
| Villagers / military | 102 / 128 |
Focus
⚔️ 26.3% · 🌾 73.7%
Camel Archer ×65 · Scout Cavalry ×51 · Fishing Ship ×35 · Camel Scout ×12
Feudal
11:04
Castle
15:18
Imperial
35:55
| APM avg | 48.6 |
| APM peak | 109 |
| eAPM avg | 15.3 |
| Villagers / military | 115 / 66 |
Focus
⚔️ 30.5% · 🌾 69.5%
Conquistador ×63 · Monk ×3
Match map
Initial resources + every placement click. Lines = walls · curves = elevation contours. ◆ gold · ⬟ stone · ● berries · ✦ relic · ◌ wall gap
Your base· ✓ Map-separated
买女孩的小火柴's base· ✓ Map-separated
Kolor Peru's base· ✓ Map-separated
treehugger's base· ✓ Map-separated
Rentar9's base· ✓ Map-separated
MapucheMaldonado's base· ✓ Map-separated
自由人生's base· ✓ Closed at 22:52 · 40t walls · 4 gate(s)
RamiChurra's base· ✓ Map-separated
Smoothed initial terrain · ◌ = detected wall gap · hover for details
Inputs per minute
— LMC | Bartolomee123 - - 买女孩的小火柴
Build order — LMC | Bartolomee123
First 150 of 519 actions detected
| 0:01 | Queue | Villager (Male) |
| 0:02 | Queue | Villager (Male) |
| 0:02 | Queue | Villager (Male) |
| 0:03 | Build | House |
| 0:04 | Build | House |
| 0:12 | Queue | Villager (Male) |
| 0:12 | Queue | Villager (Male) |
| 1:41 | Queue | Villager (Male) |
| 1:41 | Queue | Villager (Male) |
| 1:53 | Queue | Villager (Male) |
| 1:53 | Queue | Villager (Male) |
| 2:47 | Queue | Villager (Male) |
| 2:47 | Queue | Villager (Male) |
| 3:14 | Queue | Villager (Male) |
| 3:15 | Queue | Villager (Male) |
| 3:15 | Queue | Villager (Male) |
| 3:27 | Queue | Villager (Male) |
| 3:52 | Build | House |
| 4:01 | Queue | Villager (Male) |
| 4:03 | Queue | Villager (Male) |
| 4:03 | Queue | Villager (Male) |
| 4:24 | Build | House |
| 4:31 | Build | Mill |
| 4:37 | Build | Mill |
| 4:46 | Build | Mill |
| 4:54 | Queue | Villager (Male) |
| 4:54 | Queue | Villager (Male) |
| 5:37 | Build | Farm |
| 5:50 | Queue | Villager (Male) |
| 5:50 | Queue | Villager (Male) |
| 5:51 | Queue | Villager (Male) |
| 5:51 | Queue | Villager (Male) |
| 5:55 | Build | House |
| 6:00 | Build | Farm |
| 6:04 | Build | Farm |
| 6:21 | Build | House |
| 6:30 | Build | Farm |
| 6:51 | Build | Farm |
| 6:54 | Queue | Villager (Male) |
| 7:06 | Build | House |
| 7:21 | Queue | Villager (Male) |
| 7:35 | Build | Farm |
| 7:54 | Queue | Villager (Male) |
| 7:54 | Queue | Villager (Male) |
| 7:54 | Queue | Villager (Male) |
| 8:25 | Build | Mule Cart |
| 8:28 | Build | Farm |
| 8:46 | Research | Feudal Age |
| 9:33 | Queue | Villager (Male) |
| 9:33 | Queue | Villager (Male) |
| 10:57 | Age | Feudal Age |
| 11:02 | Build | Market |
| 11:04 | Build | Blacksmith |
| 11:49 | Research | Castle Age |
| 11:49 | Research | Castle Age |
| 12:54 | Research | Horse Collar |
| 12:55 | Research | Double-Bit Axe |
| 14:18 | Queue | Villager (Male) |
| 14:29 | Age | Castle Age |
| 14:31 | Build | Town Center |
| 14:35 | Build | Town Center |
| 14:43 | Build | Farm |
| 14:49 | Queue | Villager (Male) |
| 14:55 | Queue | Villager (Male) |
| 15:05 | Build | Farm |
| 15:08 | Queue | Villager (Male) |
| 15:25 | Queue | Villager (Male) |
| 15:33 | Build | Farm |
| 15:37 | Build | Farm |
| 15:43 | Build | Farm |
| 15:44 | Queue | Villager (Male) |
| 16:00 | Build | Farm |
| 16:03 | Queue | Villager (Male) |
| 16:17 | Queue | Villager (Male) |
| 16:17 | Queue | Villager (Male) ×5 |
| 16:29 | Build | Farm |
| 16:44 | Queue | Villager (Male) |
| 16:44 | Queue | Villager (Male) |
| 16:56 | Build | Farm |
| 16:58 | Build | Farm |
| 17:04 | Build | Farm |
| 17:07 | Build | Farm |
| 17:07 | Queue | Villager (Male) |
| 17:08 | Queue | Villager (Male) |
| 17:15 | Queue | Villager (Male) |
| 17:23 | Queue | Villager (Male) |
| 17:24 | Queue | Villager (Male) |
| 17:30 | Build | Monastery |
| 17:35 | Queue | Villager (Male) |
| 17:35 | Queue | Villager (Male) |
| 17:46 | Build | Farm |
| 17:49 | Build | Farm |
| 17:50 | Build | Farm |
| 17:50 | Build | Farm |
| 17:50 | Build | Farm |
| 17:50 | Build | Farm |
| 17:51 | Build | Farm |
| 18:05 | Build | House |
| 18:14 | Build | House |
| 18:17 | Build | House |
| 18:22 | Research | Wheelbarrow |
| 18:23 | Research | Town Watch |
| 18:24 | Queue | Villager (Male) |
| 18:24 | Queue | Villager (Male) |
| 18:26 | Build | House |
| 18:28 | Queue | Monk |
| 18:37 | Queue | Villager (Male) |
| 18:38 | Queue | Villager (Male) |
| 18:53 | Queue | Villager (Male) |
| 18:55 | Build | Farm |
| 18:58 | Build | Mule Cart |
| 19:02 | Queue | Villager (Male) |
| 19:12 | Queue | Villager (Male) |
| 19:19 | Build | House |
| 19:20 | Queue | Villager (Male) |
| 19:26 | Build | Farm |
| 19:27 | Build | Farm |
| 19:28 | Build | Farm |
| 19:30 | Build | Farm |
| 19:37 | Queue | Villager (Male) |
| 19:37 | Queue | Villager (Male) |
| 19:41 | Build | Farm |
| 19:41 | Build | Farm |
| 19:42 | Build | Farm |
| 19:45 | Build | Farm |
| 19:46 | Build | Farm |
| 19:49 | Build | Farm |
| 19:54 | Queue | Villager (Male) |
| 19:54 | Queue | Villager (Male) |
| 19:54 | Queue | Villager (Male) |
| 19:56 | Build | House |
| 20:12 | Queue | Villager (Male) |
| 20:12 | Queue | Villager (Male) |
| 20:13 | Queue | Villager (Male) |
| 20:21 | Queue | Monk |
| 20:32 | Queue | Villager (Male) |
| 20:32 | Queue | Villager (Male) |
| 20:32 | Queue | Villager (Male) |
| 20:33 | Queue | Villager (Male) |
| 20:40 | Build | Farm |
| 20:40 | Build | Farm |
| 20:41 | Build | Farm |
| 20:41 | Build | Farm |
| 20:41 | Build | Farm |
| 20:42 | Build | Farm |
| 20:44 | Queue | Villager (Male) |
| 20:45 | Queue | Villager (Male) |
| 20:47 | Build | House |
| 20:47 | Queue | Villager (Male) |
| 20:48 | Queue | Villager (Male) |
Build order — 买女孩的小火柴
First 150 of 324 actions detected
| 0:01 | Queue | Villager (Male) |
| 0:02 | Queue | Villager (Male) |
| 0:04 | Build | House |
| 0:05 | Build | House |
| 0:26 | Queue | Villager (Male) |
| 0:26 | Queue | Villager (Male) |
| 0:27 | Queue | Villager (Male) |
| 0:35 | Queue | Villager (Male) |
| 1:46 | Build | Lumber Camp |
| 1:48 | Queue | Villager (Male) |
| 1:59 | Queue | Villager (Male) |
| 2:20 | Queue | Villager (Male) |
| 2:58 | Queue | Villager (Male) |
| 3:14 | Queue | Villager (Male) |
| 3:44 | Queue | Villager (Male) |
| 3:58 | Build | House |
| 3:59 | Build | House |
| 4:33 | Queue | Villager (Male) |
| 5:23 | Research | Loom |
| 5:43 | Queue | Villager (Male) |
| 6:05 | Queue | Villager (Male) |
| 6:41 | Queue | Villager (Male) |
| 7:01 | Queue | Villager (Male) |
| 7:15 | Build | Mill |
| 7:29 | Queue | Villager (Male) |
| 7:52 | Queue | Villager (Male) |
| 7:57 | Build | Mining Camp |
| 8:09 | Build | Farm |
| 8:20 | Research | Feudal Age |
| 8:41 | Build | Farm |
| 8:56 | Build | Farm |
| 9:38 | Build | Barracks |
| 10:04 | Queue | Villager (Male) |
| 10:05 | Queue | Villager (Male) |
| 10:29 | Build | Farm |
| 10:32 | Age | Feudal Age |
| 10:40 | Build | Stable |
| 10:53 | Build | Farm |
| 10:57 | Queue | Villager (Male) |
| 10:59 | Build | Farm |
| 11:24 | Build | Farm |
| 11:28 | Build | House |
| 11:56 | Build | Blacksmith |
| 12:13 | Build | Farm |
| 12:31 | Research | Castle Age |
| 12:51 | Research | Double-Bit Axe |
| 13:07 | Build | Farm |
| 13:23 | Build | Farm |
| 13:36 | Research | Gold Mining |
| 13:55 | Queue | Villager (Male) |
| 15:11 | Age | Castle Age |
| 15:12 | Build | Monastery |
| 15:14 | Queue | Knight |
| 15:25 | Queue | Villager (Male) |
| 15:44 | Build | Farm |
| 15:45 | Queue | Monk |
| 15:50 | Queue | Knight |
| 15:56 | Queue | Villager (Male) |
| 16:04 | Build | House |
| 16:05 | Build | House |
| 16:08 | Build | Farm |
| 16:19 | Queue | Villager (Male) |
| 16:22 | Queue | Monk |
| 16:24 | Queue | Knight |
| 16:46 | Queue | Knight |
| 16:58 | Queue | Knight |
| 17:03 | Queue | Villager (Male) |
| 17:29 | Queue | Villager (Male) |
| 17:38 | Queue | Villager (Male) |
| 17:46 | Queue | Knight |
| 18:21 | Build | Town Center |
| 18:23 | Queue | Villager (Male) |
| 18:24 | Queue | Knight |
| 18:33 | Build | House |
| 19:22 | Queue | Villager (Male) |
| 19:24 | Queue | Monk |
| 19:34 | Queue | Villager (Male) |
| 19:42 | Queue | Villager (Male) |
| 19:46 | Queue | Villager (Male) |
| 19:50 | Build | Farm |
| 19:54 | Build | Farm |
| 19:55 | Build | Farm |
| 20:00 | Build | Farm |
| 20:09 | Queue | Villager (Male) |
| 20:13 | Build | Farm |
| 20:17 | Queue | Monk |
| 20:29 | Queue | Villager (Male) |
| 20:39 | Queue | Villager (Male) |
| 20:44 | Queue | Villager (Male) |
| 21:02 | Queue | Villager (Male) |
| 21:02 | Queue | Villager (Male) |
| 21:09 | Build | House |
| 21:11 | Build | House |
| 21:25 | Build | Lumber Camp |
| 21:26 | Queue | Villager (Male) |
| 21:26 | Queue | Villager (Male) |
| 21:51 | Queue | Monk |
| 22:01 | Queue | Villager (Male) |
| 22:07 | Research | Bloodlines |
| 22:07 | Research | Husbandry |
| 22:11 | Queue | Knight |
| 22:16 | Build | Lumber Camp |
| 22:31 | Queue | Villager (Male) |
| 22:33 | Queue | Knight |
| 22:50 | Queue | Villager (Male) |
| 23:04 | Queue | Villager (Male) |
| 23:07 | Research | Bow Saw |
| 23:18 | Build | Farm |
| 23:33 | Queue | Villager (Male) |
| 23:36 | Queue | Villager (Male) |
| 23:38 | Build | Farm |
| 23:39 | Build | Farm |
| 23:40 | Build | Farm |
| 23:50 | Queue | Knight |
| 23:51 | Queue | Knight |
| 24:03 | Queue | Knight |
| 24:16 | Queue | Villager (Male) |
| 24:20 | Build | House |
| 24:21 | Build | House |
| 24:22 | Build | House |
| 24:47 | Queue | Knight |
| 24:50 | Queue | Villager (Male) |
| 24:57 | Queue | Villager (Male) |
| 24:57 | Queue | Villager (Male) |
| 25:06 | Queue | Villager (Male) |
| 25:32 | Queue | Villager (Male) |
| 25:33 | Queue | Knight |
| 25:44 | Queue | Villager (Male) |
| 25:49 | Queue | Knight |
| 25:57 | Build | Farm |
| 26:02 | Build | Farm |
| 26:09 | Build | Farm |
| 26:10 | Build | Farm |
| 26:16 | Queue | Villager (Male) |
| 26:28 | Build | Farm |
| 26:35 | Research | Wheelbarrow |
| 26:35 | Research | Wheelbarrow |
| 26:38 | Queue | Villager (Male) |
| 26:43 | Build | Farm |
| 26:48 | Queue | Villager (Male) |
| 26:54 | Build | Market |
| 27:06 | Build | Farm |
| 27:12 | Build | Farm |
| 27:16 | Queue | Knight |
| 27:17 | Queue | Knight |
| 27:20 | Queue | Villager (Male) |
| 27:23 | Build | Stable |
| 27:32 | Queue | Knight |
| 27:35 | Queue | Villager (Male) |
| 27:36 | Queue | Villager (Male) |
Build order — Kolor Peru
First 150 of 536 actions detected
| 0:01 | Queue | Villager (Male) |
| 0:02 | Queue | Villager (Male) |
| 0:03 | Build | House |
| 0:04 | Build | House |
| 0:04 | Queue | Villager (Male) |
| 0:07 | Queue | Villager (Male) |
| 0:07 | Queue | Villager (Male) |
| 0:38 | Build | Mill |
| 1:40 | Queue | Villager (Male) |
| 1:41 | Queue | Villager (Male) |
| 2:19 | Queue | Villager (Male) |
| 2:20 | Queue | Villager (Male) |
| 2:36 | Queue | Villager (Male) |
| 2:37 | Queue | Villager (Male) |
| 2:54 | Queue | Villager (Male) |
| 3:05 | Queue | Villager (Male) |
| 3:05 | Queue | Villager (Male) |
| 3:06 | Queue | Villager (Male) |
| 3:19 | Queue | Villager (Male) |
| 3:38 | Queue | Villager (Male) |
| 3:43 | Build | House |
| 3:44 | Build | House |
| 3:51 | Queue | Villager (Male) |
| 3:51 | Queue | Villager (Male) |
| 4:53 | Queue | Villager (Male) |
| 5:31 | Queue | Villager (Male) |
| 6:04 | Build | Lumber Camp |
| 6:06 | Queue | Villager (Male) |
| 6:54 | Queue | Villager (Male) |
| 6:56 | Queue | Villager (Male) |
| 7:00 | Queue | Villager (Male) |
| 7:03 | Build | Farm |
| 7:15 | Research | Feudal Age |
| 7:24 | Build | Farm |
| 7:40 | Build | Farm |
| 7:43 | Queue | Villager (Male) |
| 7:50 | Build | House |
| 8:13 | Build | Farm |
| 8:20 | Queue | Villager (Male) |
| 8:42 | Build | Farm |
| 8:47 | Build | Farm |
| 9:17 | Build | Farm |
| 9:28 | Build | Farm |
| 9:50 | Queue | Villager (Male) |
| 9:54 | Age | Feudal Age |
| 10:05 | Build | Market |
| 10:45 | Queue | Villager (Male) |
| 10:49 | Build | Blacksmith |
| 11:54 | Research | Castle Age |
| 12:18 | Build | House |
| 12:20 | Build | House |
| 12:21 | Build | House |
| 12:34 | Research | Double-Bit Axe |
| 13:14 | Queue | Villager (Male) |
| 13:47 | Build | House |
| 14:34 | Age | Castle Age |
| 14:40 | Build | Town Center |
| 14:45 | Queue | Villager (Male) |
| 15:07 | Build | Town Center |
| 15:14 | Queue | Villager (Male) |
| 15:21 | Research | Loom |
| 15:25 | Research | Town Watch |
| 15:35 | Queue | Villager (Male) |
| 15:55 | Research | Bow Saw |
| 15:55 | Research | Bow Saw |
| 15:56 | Queue | Villager (Male) |
| 16:04 | Queue | Villager (Male) |
| 16:05 | Queue | Villager (Male) |
| 16:06 | Queue | Villager (Male) |
| 16:06 | Queue | Villager (Male) |
| 16:17 | Queue | Villager (Male) |
| 16:17 | Queue | Villager (Male) |
| 16:17 | Queue | Villager (Male) |
| 16:28 | Research | Horse Collar |
| 16:34 | Queue | Villager (Male) |
| 16:37 | Build | Farm |
| 16:44 | Queue | Villager (Male) |
| 16:51 | Build | Farm |
| 16:51 | Build | Farm |
| 16:51 | Queue | Villager (Male) |
| 16:52 | Queue | Villager (Male) |
| 17:07 | Queue | Villager (Male) |
| 17:07 | Queue | Villager (Male) |
| 17:20 | Build | Farm |
| 17:24 | Build | Farm |
| 17:31 | Build | Farm |
| 17:31 | Queue | Villager (Male) |
| 17:31 | Queue | Villager (Male) |
| 17:32 | Queue | Villager (Male) |
| 17:44 | Queue | Villager (Male) |
| 17:44 | Queue | Villager (Male) |
| 17:45 | Queue | Villager (Male) |
| 17:45 | Queue | Villager (Male) |
| 17:45 | Queue | Villager (Male) |
| 17:56 | Build | Farm |
| 18:05 | Build | Farm |
| 18:08 | Queue | Villager (Male) |
| 18:08 | Queue | Villager (Male) |
| 18:14 | Queue | Villager (Male) |
| 18:15 | Queue | Villager (Male) |
| 18:15 | Queue | Villager (Male) |
| 18:21 | Build | Farm |
| 18:30 | Build | Farm |
| 18:32 | Queue | Villager (Male) |
| 18:32 | Queue | Villager (Male) |
| 18:43 | Queue | Villager (Male) |
| 18:43 | Queue | Villager (Male) |
| 18:53 | Build | Farm |
| 18:56 | Build | Farm |
| 18:57 | Queue | Villager (Male) |
| 18:57 | Queue | Villager (Male) |
| 19:01 | Queue | Villager (Male) |
| 19:01 | Queue | Villager (Male) |
| 19:02 | Queue | Villager (Male) |
| 19:07 | Build | Farm |
| 19:08 | Queue | Villager (Male) |
| 19:08 | Queue | Villager (Male) |
| 19:08 | Queue | Villager (Male) |
| 19:13 | Build | Farm |
| 19:17 | Queue | Villager (Male) |
| 19:17 | Queue | Villager (Male) |
| 19:23 | Build | Farm |
| 19:26 | Queue | Villager (Male) |
| 19:26 | Queue | Villager (Male) |
| 19:35 | Queue | Villager (Male) |
| 19:40 | Build | Farm |
| 19:44 | Queue | Villager (Male) |
| 19:44 | Queue | Villager (Male) |
| 19:49 | Queue | Villager (Male) |
| 19:49 | Queue | Villager (Male) |
| 19:57 | Build | Mining Camp |
| 20:03 | Build | Farm |
| 20:03 | Queue | Villager (Male) |
| 20:04 | Queue | Villager (Male) |
| 20:06 | Queue | Villager (Male) |
| 20:06 | Queue | Villager (Male) |
| 20:21 | Build | Barracks |
| 20:30 | Queue | Villager (Male) |
| 20:30 | Queue | Villager (Male) |
| 20:34 | Queue | Villager (Male) |
| 21:02 | Queue | Villager (Male) |
| 21:05 | Build | House |
| 21:06 | Build | House |
| 21:09 | Queue | Villager (Male) |
| 21:12 | Research | Scale Barding Armor |
| 21:15 | Queue | Villager (Male) |
| 21:15 | Queue | Villager (Male) |
| 21:19 | Build | Mill |
| 21:20 | Build | Farm |
| 21:20 | Build | Farm |
Build order — treehugger
First 150 of 350 actions detected
| 0:01 | Queue | Villager (Male) |
| 0:01 | Queue | Villager (Male) |
| 0:02 | Build | House |
| 0:03 | Build | House |
| 0:08 | Queue | Villager (Male) |
| 0:08 | Queue | Villager (Male) |
| 1:18 | Queue | Villager (Male) |
| 1:54 | Queue | Villager (Male) |
| 1:55 | Queue | Villager (Male) |
| 1:55 | Queue | Villager (Male) |
| 2:33 | Queue | Villager (Male) |
| 3:08 | Build | Lumber Camp |
| 3:12 | Queue | Villager (Male) |
| 3:23 | Queue | Villager (Male) |
| 3:23 | Queue | Villager (Male) |
| 3:56 | Build | House |
| 4:06 | Queue | Villager (Male) |
| 4:40 | Queue | Villager (Male) |
| 5:15 | Queue | Villager (Male) |
| 5:19 | Build | House |
| 5:34 | Queue | Villager (Male) |
| 6:06 | Queue | Villager (Male) |
| 6:34 | Build | Mill |
| 6:39 | Queue | Villager (Male) |
| 6:58 | Queue | Villager (Male) |
| 7:16 | Build | Mining Camp |
| 7:24 | Research | Feudal Age |
| 7:24 | Research | Feudal Age |
| 8:01 | Build | House |
| 8:54 | Build | Farm |
| 8:57 | Build | Farm |
| 9:01 | Build | Farm |
| 9:40 | Queue | Villager (Male) |
| 9:41 | Age | Feudal Age |
| 9:45 | Research | Horse Collar |
| 9:48 | Research | Double-Bit Axe |
| 9:51 | Queue | Villager (Male) |
| 10:17 | Queue | Villager (Male) |
| 10:36 | Build | Blacksmith |
| 10:41 | Queue | Villager (Male) |
| 10:42 | Build | Farm |
| 10:44 | Build | Farm |
| 10:49 | Build | Farm |
| 11:16 | Queue | Villager (Male) |
| 11:21 | Build | Lumber Camp |
| 11:33 | Queue | Villager (Male) |
| 11:37 | Build | House |
| 11:50 | Build | Farm |
| 11:57 | Build | Farm |
| 12:01 | Build | Farm |
| 12:07 | Queue | Villager (Male) |
| 12:33 | Queue | Villager (Male) |
| 12:41 | Build | Mining Camp |
| 12:47 | Queue | Villager (Male) |
| 12:54 | Build | Farm |
| 12:58 | Build | Farm |
| 13:15 | Research | Loom |
| 13:33 | Build | Market |
| 13:36 | Queue | Villager (Male) |
| 13:42 | Build | Farm |
| 13:46 | Build | Farm |
| 13:48 | Build | Farm |
| 14:16 | Queue | Villager (Male) |
| 14:36 | Research | Castle Age |
| 15:24 | Research | Gold Mining |
| 15:32 | Build | House |
| 15:33 | Build | House |
| 15:34 | Build | House |
| 15:51 | Build | Stone Wall |
| 16:04 | Build | House |
| 16:25 | Build | Lumber Camp |
| 17:09 | Queue | Villager (Male) |
| 17:10 | Queue | Villager (Male) |
| 17:10 | Queue | Villager (Male) |
| 17:10 | Queue | Villager (Male) |
| 17:21 | Age | Castle Age |
| 17:28 | Research | Bow Saw |
| 17:30 | Research | Heavy Plow |
| 17:32 | Queue | Villager (Male) |
| 17:36 | Build | Town Center |
| 17:52 | Build | Town Center |
| 18:45 | Build | House |
| 18:46 | Build | House |
| 18:50 | Queue | Villager (Male) |
| 18:52 | Queue | Villager (Male) |
| 18:53 | Queue | Villager (Male) |
| 18:53 | Queue | Villager (Male) |
| 19:13 | Build | Gate |
| 19:21 | Research | Gold Mining |
| 19:23 | Queue | Villager (Male) |
| 19:34 | Build | Town Center |
| 19:42 | Queue | Villager (Male) |
| 19:44 | Research | Stone Mining |
| 19:51 | Build | House |
| 19:52 | Build | House |
| 19:59 | Queue | Villager (Male) |
| 19:59 | Queue | Villager (Male) |
| 19:59 | Queue | Villager (Male) |
| 20:05 | Queue | Villager (Male) |
| 20:19 | Build | House |
| 20:20 | Build | House |
| 20:20 | Build | House |
| 20:33 | Queue | Villager (Male) |
| 20:41 | Build | Dock |
| 20:47 | Queue | Villager (Male) |
| 20:53 | Build | Farm |
| 20:54 | Build | Farm |
| 20:55 | Build | Farm |
| 20:56 | Build | Farm |
| 20:58 | Build | Farm |
| 20:59 | Build | Farm |
| 21:06 | Queue | Villager (Male) |
| 21:10 | Queue | Villager (Male) |
| 21:13 | Queue | Villager (Male) |
| 21:14 | Queue | Villager (Male) |
| 21:28 | Queue | Villager (Male) |
| 21:42 | Build | Monastery |
| 22:02 | Queue | Monk |
| 22:05 | Queue | Villager (Male) |
| 22:07 | Research | Wheelbarrow |
| 22:08 | Queue | Villager (Male) |
| 22:21 | Build | Town Center |
| 22:24 | Queue | Villager (Male) |
| 22:25 | Queue | Villager (Male) |
| 22:30 | Queue | Villager (Male) |
| 22:31 | Queue | Villager (Male) |
| 22:42 | Queue | Villager (Male) |
| 22:50 | Build | Farm |
| 22:50 | Build | Farm |
| 22:51 | Build | Farm |
| 22:52 | Build | Farm |
| 22:54 | Build | Farm |
| 22:59 | Queue | Villager (Male) |
| 23:00 | Queue | Villager (Male) |
| 23:06 | Queue | Villager (Male) |
| 23:08 | Queue | Villager (Male) |
| 23:09 | Queue | Villager (Male) |
| 23:12 | Build | Farm |
| 23:13 | Build | Farm |
| 23:13 | Build | Farm |
| 23:15 | Build | Farm |
| 23:15 | Build | Farm |
| 23:19 | Queue | Villager (Male) |
| 23:22 | Queue | Villager (Male) |
| 23:39 | Build | Farm |
| 23:45 | Build | Farm |
| 23:56 | Build | Stone Wall |
| 24:04 | Build | Gate |
| 24:27 | Queue | Villager (Male) |
| 24:27 | Queue | Villager (Male) |
Build order — Rentar9
First 150 of 396 actions detected
| 0:01 | Queue | Villager (Male) |
| 0:02 | Queue | Villager (Male) |
| 0:03 | Build | House |
| 0:06 | Build | House |
| 0:17 | Queue | Villager (Male) |
| 0:33 | Queue | Villager (Male) |
| 1:28 | Queue | Villager (Male) |
| 1:49 | Build | Lumber Camp |
| 2:03 | Queue | Villager (Male) |
| 2:18 | Queue | Villager (Male) |
| 2:49 | Queue | Villager (Male) |
| 3:13 | Queue | Villager (Male) |
| 3:27 | Build | House |
| 3:28 | Build | House |
| 3:43 | Queue | Villager (Male) |
| 3:43 | Queue | Villager (Male) |
| 4:09 | Queue | Villager (Male) |
| 4:09 | Queue | Villager (Male) |
| 5:00 | Queue | Villager (Male) |
| 5:12 | Queue | Villager (Male) |
| 5:41 | Queue | Villager (Male) |
| 6:08 | Build | Mill |
| 6:13 | Queue | Villager (Male) |
| 6:38 | Build | Farm |
| 6:41 | Build | Farm |
| 6:45 | Queue | Villager (Male) |
| 6:59 | Build | Farm |
| 7:01 | Queue | Villager (Male) |
| 7:07 | Build | Farm |
| 7:29 | Queue | Villager (Male) |
| 7:45 | Queue | Villager (Male) |
| 7:56 | Queue | Villager (Male) |
| 8:00 | Build | House |
| 8:15 | Queue | Villager (Male) |
| 8:39 | Research | Feudal Age |
| 8:45 | Build | Mining Camp |
| 9:18 | Build | Farm |
| 10:25 | Build | Farm |
| 10:33 | Build | Farm |
| 11:13 | Queue | Villager (Male) |
| 11:13 | Queue | Villager (Male) |
| 11:25 | Age | Feudal Age |
| 11:27 | Build | Market |
| 11:34 | Build | Blacksmith |
| 12:23 | Research | Castle Age |
| 12:23 | Research | Castle Age |
| 12:27 | Build | House |
| 12:40 | Build | Barracks |
| 13:25 | Research | Double-Bit Axe |
| 13:54 | Research | Horse Collar |
| 14:03 | Queue | Spearman |
| 14:28 | Queue | Villager (Male) |
| 15:03 | Age | Castle Age |
| 15:09 | Build | Town Center |
| 15:19 | Research | Loom |
| 15:27 | Research | Bow Saw |
| 15:43 | Build | Farm |
| 15:44 | Build | Farm |
| 15:58 | Build | Town Center |
| 16:03 | Queue | Villager (Male) |
| 16:09 | Build | Farm |
| 16:10 | Build | Farm |
| 16:14 | Build | Farm |
| 16:16 | Build | Farm |
| 16:19 | Build | Farm |
| 16:22 | Build | Farm |
| 16:29 | Build | Farm |
| 16:31 | Queue | Villager (Male) |
| 16:35 | Build | Farm |
| 17:03 | Queue | Villager (Male) |
| 17:11 | Queue | Villager (Male) |
| 17:15 | Build | Farm |
| 17:22 | Build | Farm |
| 17:23 | Queue | Villager (Male) |
| 17:33 | Queue | Villager (Male) |
| 17:36 | Build | Farm |
| 17:37 | Build | Farm |
| 17:53 | Build | House |
| 17:54 | Build | House |
| 17:55 | Queue | Villager (Male) |
| 17:56 | Queue | Villager (Male) |
| 18:14 | Queue | Villager (Male) |
| 18:19 | Queue | Villager (Male) |
| 18:22 | Build | Farm |
| 18:29 | Queue | Villager (Male) |
| 18:38 | Build | House |
| 18:39 | Build | House |
| 18:41 | Queue | Villager (Male) |
| 18:48 | Queue | Villager (Male) |
| 19:01 | Queue | Villager (Male) |
| 19:14 | Queue | Villager (Male) |
| 19:14 | Queue | Villager (Male) |
| 19:15 | Queue | Villager (Male) |
| 19:16 | Build | Farm |
| 19:17 | Queue | Villager (Male) |
| 19:20 | Build | Farm |
| 19:21 | Build | Farm |
| 19:26 | Build | Farm |
| 19:27 | Build | Farm |
| 19:30 | Build | Farm |
| 19:40 | Queue | Villager (Male) |
| 19:48 | Build | House |
| 19:49 | Build | House |
| 19:51 | Queue | Villager (Male) |
| 19:55 | Queue | Villager (Male) |
| 20:03 | Queue | Villager (Male) |
| 20:05 | Build | Farm |
| 20:05 | Build | Farm |
| 20:06 | Build | Farm |
| 20:09 | Build | Farm |
| 20:10 | Queue | Villager (Male) |
| 20:19 | Queue | Villager (Male) |
| 20:27 | Build | Farm |
| 20:31 | Queue | Villager (Male) |
| 20:35 | Queue | Villager (Male) |
| 20:42 | Queue | Villager (Male) |
| 20:43 | Queue | Villager (Male) |
| 20:45 | Build | Archery Range |
| 20:53 | Build | House |
| 20:56 | Queue | Villager (Male) |
| 20:58 | Queue | Villager (Male) |
| 21:01 | Queue | Villager (Male) |
| 21:08 | Queue | Villager (Male) |
| 21:10 | Build | Farm |
| 21:13 | Build | Farm |
| 21:15 | Queue | Villager (Male) |
| 21:19 | Queue | Villager (Male) |
| 21:31 | Queue | Villager (Male) |
| 21:33 | Queue | Villager (Male) |
| 21:39 | Build | Archery Range |
| 21:43 | Research | Fletching |
| 21:44 | Research | Fletching |
| 21:50 | Queue | Villager (Male) |
| 22:01 | Build | Farm |
| 22:03 | Build | Farm |
| 22:04 | Queue | Villager (Male) |
| 22:06 | Build | Farm |
| 22:07 | Queue | Villager (Male) |
| 22:12 | Queue | Cavalry Archer |
| 22:18 | Queue | Villager (Male) |
| 22:20 | Queue | Villager (Male) |
| 22:23 | Queue | Villager (Male) |
| 22:30 | Queue | Villager (Male) |
| 22:35 | Queue | Villager (Male) |
| 22:35 | Queue | Villager (Male) |
| 22:39 | Build | Mining Camp |
| 22:45 | Build | Farm |
| 22:48 | Build | Farm |
| 22:49 | Queue | Cavalry Archer |
| 22:49 | Queue | Cavalry Archer |
Build order — MapucheMaldonado
First 150 of 382 actions detected
| 0:01 | Queue | Villager (Male) |
| 0:02 | Queue | Villager (Male) |
| 0:02 | Queue | Villager (Male) |
| 0:04 | Build | House |
| 0:08 | Build | House |
| 0:10 | Queue | Villager (Male) |
| 0:11 | Queue | Villager (Male) |
| 1:38 | Queue | Villager (Male) |
| 1:51 | Build | Settlement |
| 2:07 | Queue | Villager (Male) |
| 2:08 | Queue | Villager (Male) |
| 2:26 | Queue | Villager (Male) |
| 3:11 | Queue | Villager (Male) |
| 3:47 | Queue | Villager (Male) |
| 4:07 | Queue | Villager (Male) |
| 4:40 | Queue | Villager (Male) |
| 5:11 | Queue | Villager (Male) |
| 5:24 | Queue | Villager (Male) |
| 6:01 | Queue | Villager (Male) |
| 6:07 | Build | Farm |
| 6:10 | Build | Farm |
| 6:13 | Build | Farm |
| 6:23 | Queue | Villager (Male) |
| 6:48 | Queue | Villager (Male) |
| 7:07 | Queue | Villager (Male) |
| 7:32 | Build | Settlement |
| 7:39 | Build | Settlement |
| 7:43 | Queue | Villager (Male) |
| 7:45 | Research | Feudal Age |
| 8:02 | Build | Farm |
| 9:16 | Queue | Villager (Male) |
| 9:17 | Queue | Villager (Male) |
| 9:32 | Build | Farm |
| 9:38 | Build | Farm |
| 10:18 | Age | Feudal Age |
| 10:21 | Build | Market |
| 10:30 | Build | Blacksmith |
| 11:17 | Research | Castle Age |
| 11:17 | Research | Castle Age |
| 11:38 | Research | Horse Collar |
| 11:54 | Build | Farm |
| 12:21 | Build | Farm |
| 12:26 | Build | Farm |
| 12:34 | Research | Double-Bit Axe |
| 13:05 | Build | Farm |
| 13:30 | Queue | Villager (Male) |
| 13:33 | Research | Loom |
| 13:44 | Build | Barracks |
| 13:57 | Age | Castle Age |
| 14:09 | Queue | Villager (Male) |
| 14:30 | Build | Town Center |
| 14:44 | Queue | Villager (Male) |
| 15:10 | Research | Tech 1402 |
| 15:11 | Queue | Villager (Male) |
| 15:41 | Queue | Villager (Male) |
| 15:42 | Queue | Villager (Male) |
| 15:46 | Research | Wheelbarrow |
| 15:52 | Queue | Villager (Male) |
| 15:52 | Queue | Villager (Male) |
| 15:56 | Build | Farm |
| 15:57 | Build | Farm |
| 15:58 | Build | Farm |
| 16:34 | Queue | Villager (Male) |
| 16:34 | Queue | Villager (Male) |
| 16:48 | Build | Town Center |
| 17:00 | Queue | Villager (Male) |
| 17:04 | Build | Farm |
| 17:29 | Queue | Unit 2550 |
| 17:32 | Research | Scale Mail Armor |
| 18:13 | Build | House |
| 18:16 | Build | Stone Wall |
| 18:19 | Build | Farm |
| 18:20 | Queue | Villager (Male) |
| 18:20 | Queue | Villager (Male) |
| 18:20 | Queue | Villager (Male) |
| 18:25 | Build | Farm |
| 18:26 | Build | Farm |
| 18:27 | Build | Farm |
| 18:27 | Build | Farm |
| 18:31 | Build | Farm |
| 18:37 | Queue | Villager (Male) |
| 18:39 | Build | Farm |
| 18:40 | Build | Farm |
| 18:41 | Build | Farm |
| 18:50 | Queue | Villager (Male) |
| 18:50 | Queue | Villager (Male) |
| 18:52 | Queue | Unit 2550 |
| 19:09 | Queue | Unit 2550 |
| 19:13 | Queue | Villager (Male) |
| 19:18 | Build | Farm |
| 19:21 | Build | Farm |
| 19:40 | Build | Monastery |
| 19:45 | Queue | Villager (Male) |
| 19:45 | Queue | Villager (Male) |
| 19:55 | Build | Stone Wall |
| 19:57 | Queue | Villager (Male) |
| 20:09 | Research | Tech 1351 |
| 20:16 | Queue | Villager (Male) |
| 20:16 | Queue | Villager (Male) |
| 20:19 | Build | Farm |
| 20:20 | Build | Farm |
| 20:27 | Queue | Villager (Male) |
| 20:30 | Build | Farm |
| 20:30 | Build | Farm |
| 20:36 | Queue | Villager (Male) |
| 20:37 | Queue | Villager (Male) |
| 20:38 | Build | Farm |
| 20:46 | Queue | Monk |
| 21:02 | Build | Dock |
| 21:07 | Build | Stone Wall |
| 21:09 | Queue | Villager (Male) |
| 21:09 | Queue | Villager (Male) |
| 21:20 | Research | Squires |
| 21:21 | Queue | Unit 2550 |
| 21:25 | Build | Farm |
| 21:35 | Queue | Monk |
| 21:46 | Research | Forging |
| 21:48 | Build | Farm |
| 21:50 | Queue | Villager (Male) |
| 21:51 | Queue | Villager (Male) |
| 21:54 | Build | Farm |
| 21:58 | Queue | Villager (Male) |
| 22:02 | Build | Farm |
| 22:03 | Build | Farm |
| 22:27 | Build | Stone Wall |
| 22:34 | Queue | Unit 2550 |
| 22:34 | Queue | Unit 2550 |
| 22:35 | Queue | Villager (Male) |
| 22:35 | Queue | Villager (Male) |
| 22:35 | Queue | Villager (Male) |
| 22:48 | Build | Dock |
| 22:52 | Queue | Unit 2550 |
| 22:57 | Build | Farm |
| 22:59 | Queue | Villager (Male) |
| 22:59 | Queue | Villager (Male) |
| 22:59 | Queue | Villager (Male) |
| 23:00 | Queue | Villager (Male) |
| 23:14 | Build | House |
| 23:14 | Build | House |
| 23:27 | Build | Farm |
| 23:28 | Research | Chain Mail Armor |
| 23:33 | Research | Town Watch |
| 23:44 | Build | House |
| 23:45 | Build | House |
| 24:15 | Queue | Villager (Male) |
| 24:16 | Queue | Villager (Male) |
| 24:16 | Queue | Villager (Male) |
| 24:16 | Queue | Villager (Male) |
| 24:16 | Queue | Villager (Male) |
| 24:19 | Build | Stone Wall |
Build order — 自由人生
First 150 of 396 actions detected
| 0:02 | Queue | Villager (Male) |
| 0:02 | Queue | Villager (Male) |
| 0:04 | Build | House |
| 0:05 | Build | House |
| 0:08 | Queue | Villager (Male) |
| 0:30 | Queue | Villager (Male) |
| 0:30 | Queue | Villager (Male) |
| 1:40 | Queue | Villager (Male) |
| 1:41 | Queue | Villager (Male) |
| 1:57 | Build | Lumber Camp |
| 2:01 | Queue | Villager (Male) |
| 2:02 | Queue | Villager (Male) |
| 2:20 | Queue | Villager (Male) |
| 2:21 | Queue | Villager (Male) |
| 2:46 | Queue | Villager (Male) |
| 2:46 | Queue | Villager (Male) |
| 3:17 | Queue | Villager (Male) |
| 3:17 | Queue | Villager (Male) |
| 3:34 | Build | House |
| 3:41 | Queue | Villager (Male) |
| 3:41 | Queue | Villager (Male) |
| 4:16 | Queue | Villager (Male) |
| 4:16 | Queue | Villager (Male) |
| 5:02 | Queue | Villager (Male) |
| 5:02 | Queue | Villager (Male) |
| 5:35 | Queue | Villager (Male) |
| 6:02 | Build | House |
| 6:09 | Queue | Villager (Male) |
| 6:23 | Queue | Villager (Male) |
| 6:48 | Queue | Villager (Male) |
| 7:20 | Build | House |
| 7:26 | Build | House |
| 7:32 | Queue | Villager (Male) |
| 7:55 | Queue | Villager (Male) |
| 8:10 | Build | Mining Camp |
| 8:44 | Research | Feudal Age |
| 8:51 | Build | Palisade Wall |
| 9:03 | Build | Lumber Camp |
| 9:11 | Build | Dock |
| 10:06 | Build | Dock |
| 10:09 | Queue | Fishing Ship |
| 10:20 | Build | Palisade Wall |
| 10:38 | Build | Palisade Wall |
| 10:52 | Queue | Fishing Ship |
| 10:54 | Age | Feudal Age |
| 10:56 | Build | Fish Trap |
| 10:57 | Queue | Villager (Male) |
| 10:58 | Queue | Villager (Male) |
| 11:00 | Research | Double-Bit Axe |
| 11:00 | Research | Double-Bit Axe |
| 11:00 | Research | Double-Bit Axe |
| 11:06 | Build | Mill |
| 11:35 | Build | House |
| 11:38 | Build | House |
| 11:43 | Queue | Villager (Male) |
| 11:47 | Build | Fish Trap |
| 11:51 | Queue | Fishing Ship |
| 11:54 | Queue | Fishing Ship |
| 12:00 | Build | Lumber Camp |
| 12:05 | Queue | Villager (Male) |
| 12:30 | Build | Palisade Wall |
| 12:35 | Queue | Villager (Male) |
| 12:46 | Build | Fish Trap |
| 12:51 | Build | House |
| 12:56 | Queue | Fishing Ship |
| 13:01 | Build | Fish Trap |
| 13:09 | Build | Stone Wall |
| 13:16 | Queue | Villager (Male) |
| 13:16 | Queue | Villager (Male) |
| 13:28 | Build | Dock |
| 13:38 | Build | Stone Wall |
| 13:45 | Build | Fish Trap |
| 13:51 | Queue | Fishing Ship ×4 |
| 14:05 | Build | Lumber Camp |
| 14:08 | Queue | Villager (Male) |
| 14:20 | Queue | Fishing Ship ×2 |
| 14:40 | Build | Fish Trap |
| 14:43 | Build | Fish Trap |
| 15:05 | Build | Fish Trap |
| 15:07 | Queue | Villager (Male) |
| 15:20 | Build | House |
| 15:24 | Queue | Villager (Male) |
| 15:36 | Build | Fish Trap |
| 15:39 | Build | Fish Trap |
| 16:03 | Queue | Villager (Male) |
| 16:09 | Build | Market |
| 16:19 | Build | Fish Trap |
| 16:21 | Queue | Fishing Ship ×5 |
| 16:29 | Research | Tech 906 |
| 16:29 | Research | Tech 906 |
| 16:34 | Queue | Villager (Male) |
| 16:35 | Queue | Villager (Male) |
| 16:45 | Build | Mining Camp |
| 16:53 | Build | House |
| 16:59 | Queue | Fishing Ship ×5 |
| 17:08 | Build | Fish Trap |
| 17:32 | Build | Fish Trap |
| 17:37 | Build | House |
| 17:40 | Research | Wheelbarrow |
| 17:40 | Research | Wheelbarrow |
| 17:46 | Build | Fish Trap |
| 18:01 | Build | Lumber Camp |
| 18:10 | Build | Lumber Camp |
| 18:15 | Queue | Villager (Male) |
| 18:19 | Build | Fish Trap |
| 18:24 | Build | House |
| 18:26 | Build | House |
| 18:30 | Build | Fish Trap |
| 18:34 | Build | Fish Trap |
| 18:40 | Queue | Fishing Ship |
| 18:55 | Build | Fish Trap |
| 19:10 | Build | Fish Trap |
| 19:13 | Queue | Villager (Male) |
| 19:35 | Build | Blacksmith |
| 19:41 | Queue | Villager (Male) |
| 19:44 | Build | Fish Trap |
| 19:53 | Build | House |
| 19:55 | Build | House |
| 19:57 | Build | House |
| 20:12 | Research | Castle Age |
| 20:12 | Research | Castle Age |
| 20:16 | Build | House |
| 20:49 | Queue | Fishing Ship |
| 21:20 | Research | Loom |
| 21:21 | Research | Loom |
| 21:26 | Queue | Fishing Ship |
| 21:49 | Research | Gold Mining |
| 21:50 | Research | Gold Mining |
| 21:52 | Research | Stone Mining |
| 21:53 | Research | Stone Mining |
| 22:00 | Build | Fish Trap |
| 22:06 | Build | Dock |
| 22:12 | Build | Fish Trap |
| 22:17 | Queue | Fishing Ship |
| 22:24 | Build | Dock |
| 22:44 | Build | Farm |
| 22:46 | Build | Farm |
| 22:52 | Age | Castle Age |
| 22:53 | Queue | Villager (Male) |
| 23:06 | Build | Fish Trap |
| 23:08 | Queue | Fishing Ship |
| 23:08 | Queue | Fishing Ship |
| 23:11 | Research | Gillnets |
| 23:12 | Research | Gillnets |
| 23:18 | Queue | Fishing Ship |
| 23:24 | Queue | Fishing Ship ×5 |
| 23:27 | Queue | Villager (Male) |
| 23:49 | Build | Castle |
| 23:54 | Queue | Villager (Male) |
| 24:19 | Queue | Villager (Male) |
Build order — RamiChurra
First 150 of 294 actions detected
| 0:01 | Queue | Villager (Male) |
| 0:01 | Queue | Villager (Male) |
| 0:02 | Queue | Villager (Male) |
| 0:02 | Queue | Villager (Male) |
| 0:03 | Build | House |
| 0:06 | Build | House |
| 1:40 | Queue | Villager (Male) |
| 1:40 | Queue | Villager (Male) |
| 1:52 | Build | Lumber Camp |
| 2:05 | Queue | Villager (Male) |
| 2:05 | Queue | Villager (Male) |
| 2:52 | Queue | Villager (Male) |
| 3:18 | Queue | Villager (Male) |
| 3:36 | Queue | Villager (Male) |
| 3:56 | Build | House |
| 4:05 | Queue | Villager (Male) |
| 4:05 | Queue | Villager (Male) |
| 4:42 | Queue | Villager (Male) |
| 5:05 | Queue | Villager (Male) |
| 5:21 | Queue | Villager (Male) |
| 5:39 | Build | House |
| 5:53 | Queue | Villager (Male) |
| 6:13 | Queue | Villager (Male) |
| 6:44 | Queue | Villager (Male) |
| 7:05 | Queue | Villager (Male) |
| 7:37 | Queue | Villager (Male) |
| 7:45 | Build | House |
| 7:59 | Queue | Villager (Male) |
| 8:14 | Build | Mill |
| 8:22 | Queue | Villager (Male) |
| 8:48 | Build | Mining Camp |
| 8:51 | Build | Farm |
| 8:53 | Build | Farm |
| 8:54 | Research | Feudal Age |
| 9:26 | Queue | Villager (Male) |
| 9:27 | Queue | Villager (Male) |
| 9:42 | Build | Farm |
| 9:47 | Build | Farm |
| 10:15 | Build | Mining Camp |
| 11:01 | Build | Farm |
| 11:04 | Age | Feudal Age |
| 11:09 | Build | Market |
| 11:12 | Build | Blacksmith |
| 11:28 | Build | House |
| 12:38 | Research | Castle Age |
| 12:45 | Build | House |
| 12:57 | Research | Double-Bit Axe |
| 13:14 | Build | House |
| 13:30 | Queue | Villager (Male) |
| 13:45 | Build | Farm |
| 13:57 | Build | Farm |
| 15:18 | Age | Castle Age |
| 15:31 | Build | Castle |
| 15:35 | Queue | Villager (Male) |
| 15:47 | Build | Farm |
| 15:59 | Research | Bow Saw |
| 16:00 | Queue | Villager (Male) |
| 16:17 | Build | Lumber Camp |
| 16:22 | Queue | Villager (Male) |
| 16:42 | Queue | Villager (Male) |
| 17:00 | Build | Lumber Camp |
| 17:02 | Queue | Conquistador |
| 17:13 | Queue | Villager (Male) |
| 17:25 | Queue | Conquistador |
| 17:38 | Queue | Villager (Male) |
| 17:52 | Build | Farm |
| 18:09 | Queue | Conquistador |
| 18:10 | Queue | Conquistador |
| 18:11 | Queue | Villager (Male) |
| 18:17 | Build | Farm |
| 18:22 | Build | Farm |
| 18:28 | Queue | Villager (Male) |
| 18:49 | Queue | Conquistador |
| 18:56 | Queue | Villager (Male) |
| 19:25 | Queue | Conquistador |
| 19:34 | Queue | Villager (Male) |
| 19:40 | Build | Farm |
| 19:40 | Build | Farm |
| 19:40 | Build | Farm |
| 19:41 | Build | Farm |
| 19:41 | Build | Farm |
| 19:41 | Build | Farm |
| 19:52 | Queue | Conquistador |
| 19:52 | Queue | Conquistador |
| 19:53 | Queue | Conquistador |
| 19:53 | Queue | Conquistador |
| 20:21 | Queue | Villager (Male) |
| 20:28 | Queue | Conquistador |
| 20:38 | Build | House |
| 20:52 | Build | Farm |
| 20:52 | Build | Farm |
| 20:52 | Build | Farm |
| 20:59 | Queue | Conquistador |
| 21:00 | Queue | Villager (Male) |
| 21:08 | Build | House |
| 21:09 | Build | House |
| 21:19 | Queue | Conquistador |
| 21:38 | Queue | Conquistador |
| 21:38 | Queue | Villager (Male) |
| 21:54 | Queue | Villager (Male) |
| 22:06 | Build | House |
| 22:12 | Queue | Conquistador |
| 22:13 | Queue | Villager (Male) |
| 22:16 | Build | Farm |
| 22:35 | Queue | Conquistador |
| 22:35 | Queue | Villager (Male) |
| 22:38 | Build | House |
| 22:39 | Build | House |
| 22:56 | Build | Barracks |
| 23:01 | Queue | Conquistador |
| 23:04 | Queue | Villager (Male) |
| 23:11 | Build | Farm |
| 23:18 | Queue | Conquistador |
| 23:19 | Queue | Villager (Male) |
| 23:23 | Build | House |
| 23:31 | Build | Stable |
| 23:40 | Queue | Conquistador |
| 23:53 | Build | House |
| 23:57 | Queue | Villager (Male) |
| 24:22 | Queue | Conquistador |
| 24:22 | Queue | Conquistador |
| 24:23 | Queue | Villager (Male) |
| 24:23 | Queue | Villager (Male) |
| 24:46 | Queue | Villager (Male) |
| 24:46 | Queue | Villager (Male) |
| 24:54 | Build | Farm |
| 24:54 | Build | Farm |
| 24:55 | Build | Farm |
| 24:57 | Build | Farm |
| 25:20 | Queue | Conquistador |
| 25:20 | Queue | Villager (Male) |
| 25:21 | Queue | Villager (Male) |
| 25:40 | Queue | Conquistador |
| 25:40 | Queue | Villager (Male) |
| 26:00 | Queue | Conquistador |
| 26:09 | Build | Town Center |
| 26:12 | Queue | Villager (Male) |
| 26:22 | Build | Town Center |
| 26:24 | Queue | Conquistador |
| 26:25 | Queue | Villager (Male) |
| 26:32 | Build | Lumber Camp |
| 26:44 | Research | Bloodlines |
| 26:44 | Research | Husbandry |
| 27:18 | Queue | Conquistador |
| 27:26 | Research | Padded Archer Armor |
| 27:30 | Queue | Villager (Male) |
| 27:40 | Queue | Conquistador |
| 27:46 | Build | Farm |
| 27:47 | Build | Farm |
| 27:47 | Build | Farm |
Match timeline
| 8:51 | 自由人生 · wall_segment Palisade Wall x10 |
| 9:11 | 自由人生 · first_building Dock |
| 9:38 | 买女孩的小火柴 · first_building Barracks |
| 9:41 | treehugger · age_up feudal |
| 9:54 | Kolor Peru · age_up feudal |
| 10:18 | MapucheMaldonado · age_up feudal |
| 10:20 | 自由人生 · wall_segment Palisade Wall x7 |
| 10:32 | 买女孩的小火柴 · age_up feudal |
| 10:38 | 自由人生 · wall_segment Palisade Wall x7 |
| 10:40 | 买女孩的小火柴 · first_building Stable |
| 10:54 | 自由人生 · age_up feudal |
| 10:57 | LMC | Bartolomee123 · age_up feudal |
| 11:04 | RamiChurra · age_up feudal |
| 11:24 | Kolor Peru · first_market_sell 100 stone |
| 11:24 | Kolor Peru · first_market_buy 100 food |
| 11:25 | Rentar9 · age_up feudal |
| 11:53 | RamiChurra · first_market_sell 100 stone |
| 11:57 | RamiChurra · first_market_buy 100 food |
| 12:30 | 自由人生 · wall_segment Palisade Wall x2 |
| 12:40 | Rentar9 · first_building Barracks |
| 13:09 | 自由人生 · wall_segment Stone Wall x6 |
| 13:38 | 自由人生 · wall_segment Stone Wall x8 |
| 13:44 | MapucheMaldonado · first_building Barracks |
| 13:57 | MapucheMaldonado · age_up castle |
| 14:01 | MapucheMaldonado · first_market_buy 100 wood |
| 14:29 | LMC | Bartolomee123 · age_up castle |
| 14:34 | Kolor Peru · age_up castle |
| 15:03 | Rentar9 · age_up castle |
| 15:11 | 买女孩的小火柴 · age_up castle |
| 15:12 | 买女孩的小火柴 · first_building Monastery |
| 15:18 | RamiChurra · age_up castle |
| 15:31 | RamiChurra · first_building Castle |
| 15:51 | treehugger · wall_segment Stone Wall x1 |
| 17:17 | LMC | Bartolomee123 · first_market_buy 100 food |
| 17:21 | treehugger · age_up castle |
| 17:30 | LMC | Bartolomee123 · first_building Monastery |
| 18:16 | MapucheMaldonado · wall_segment Stone Wall x7 |
| 19:40 | MapucheMaldonado · first_building Monastery |
| 19:55 | MapucheMaldonado · wall_segment Stone Wall x6 |
| 20:01 | 自由人生 · first_market_buy 100 food |
| 20:21 | Kolor Peru · first_building Barracks |
| 20:41 | treehugger · first_building Dock |
| 20:45 | Rentar9 · first_building Archery Range |
| 21:02 | MapucheMaldonado · first_building Dock |
| 21:07 | MapucheMaldonado · wall_segment Stone Wall x9 |
| 21:29 | Kolor Peru · first_building Stable |
| 21:42 | treehugger · first_building Monastery |
| 22:27 | MapucheMaldonado · wall_segment Stone Wall x7 |
| 22:52 | 自由人生 · age_up castle |
| 22:56 | RamiChurra · first_building Barracks |
| 23:31 | RamiChurra · first_building Stable |
| 23:44 | Rentar9 · first_building Stable |
| 23:49 | 自由人生 · first_building Castle |
| 23:51 | Rentar9 · first_building Monastery |
| 23:56 | treehugger · wall_segment Stone Wall x7 |
| 24:19 | MapucheMaldonado · wall_segment Stone Wall x1 |
| 25:27 | Rentar9 · wall_segment Stone Wall x18 |
| 25:58 | treehugger · first_building Castle |
| 26:17 | LMC | Bartolomee123 · first_market_sell 100 wood |
| 26:47 | 自由人生 · first_building Barracks |
| 27:38 | 自由人生 · first_building Archery Range |
| 27:44 | 自由人生 · first_building Stable |
| 27:46 | Rentar9 · first_market_sell 100 food |
| 28:02 | treehugger · first_building Siege Workshop |
| 28:04 | treehugger · first_building Barracks |
| 28:44 | LMC | Bartolomee123 · first_building Barracks |
| 28:57 | 自由人生 · age_up imperial |
| 29:06 | treehugger · first_building Stable |
| 29:35 | LMC | Bartolomee123 · age_up imperial |
| 29:40 | LMC | Bartolomee123 · first_building Castle |
| 29:44 | LMC | Bartolomee123 · first_building Stable |
| 30:41 | MapucheMaldonado · first_building Castle |
| 30:56 | Rentar9 · first_building Dock |
| 31:06 | 自由人生 · first_market_sell 100 food |
| 31:10 | RamiChurra · first_building Monastery |
| 31:14 | Rentar9 · wall_segment Palisade Wall x1 |
| 31:21 | Rentar9 · wall_segment Stone Wall x8 |
| 31:23 | 买女孩的小火柴 · first_market_buy 100 food |
| 31:23 | treehugger · age_up imperial |
| 31:26 | LMC | Bartolomee123 · wall_segment Stone Wall x1 |
| 31:28 | LMC | Bartolomee123 · wall_segment Stone Wall x1 |
| 31:35 | MapucheMaldonado · age_up imperial |
| 31:47 | Kolor Peru · first_building Monastery |
| 32:17 | Rentar9 · first_building Castle |
| 33:02 | Rentar9 · wall_segment Stone Wall x1 |
| 35:10 | 买女孩的小火柴 · age_up imperial |
| 35:40 | 买女孩的小火柴 · first_market_sell 100 wood |
| 35:47 | Kolor Peru · first_building Castle |
| 35:55 | RamiChurra · age_up imperial |
| 37:01 | Kolor Peru · age_up imperial |
| 37:48 | Rentar9 · age_up imperial |
| 38:47 | treehugger · resign |
| 40:01 | MapucheMaldonado · first_building Siege Workshop |
[ AI ANALYSIS · 1 CREDIT ]
What really happened in this match?
Wolo.gg analyzes every decision: build order, eco, micro, common mistakes by bracket. Personalized analysis on WhatsApp or Discord in 30 seconds.
Civ guide
Georgians
Perfil
LMC | Bartolomee123